 Dungeon Sprint DCSS version 0.31-a0-152-g6aa68a64a1 (webtiles) character file.

Game seed: 1408332120391291502

5814 Conn the Arsonist (level 10, -5/59 HPs)
             Began as an Octopode Fire Elementalist on June 11, 2023.
             Was a High Priest of Sif Muna.
             Shot with a bolt by a yaktaur captain (28 damage)
             ... in the Dungeon (Sprint II: "The Violet Keep of Menkaure").
             The game lasted 00:20:28 (1583 turns).

Conn the Arsonist (Octopode Fire Elementalist)      Turns: 1583, Time: 00:20:32

Health: -5/59      AC: 11    Str:  8    XL:     10   Next: 79%
Magic:  8/25       EV: 14    Int: 22    God:    Sif Muna [*****.]
Gold:   1250       SH:  0    Dex: 10    Spells: 7/32 levels left

rFire   . . .        h - +1 dagger (freeze)
rCold   + . .        (no shield)
rNeg    . . .        (helmet restricted)
rPois   .            (no amulet)
rElec   .            k - ring of protection from cold
rCorr   .            d - +4 ring of slaying
SInv    .            (no ring)
Will    +....        (no ring)
Stlth   ++++         (no ring)
HPRegen 0.29/turn    (no ring)
MPRegen 0.19/turn    (no ring)
                     (no ring)

%: no teleportation
@: ice-armoured
A: almost no armour, amphibious, 8 rings, camouflage 1, gelatinous body 1,
(nimble swimmer 1), tentacles, iridescent scales 1, clumsy 1, strong-willed 1,
wild magic 1
a: Renounce Religion, Channel Magic, Forget Spell, Divine Exegesis


You were in the Dungeon.
You worshipped Sif Muna.
Sif Muna was extremely pleased with you.
You visited 1 branch You collected 1375 gold pieces.
You spent 125 gold pieces at shops.

Inventory:

Hand Weapons
 h - a +1 dagger of freezing (weapon)
Missiles
 u - 4 poisoned darts
Armour
 v - a +0 kite shield
Jewellery
 d - a +4 ring of slaying (right tentacle)
 k - a ring of protection from cold (left tentacle)
Scrolls
 f - 4 scrolls of blinking
 l - a scroll of vulnerability
 m - a scroll of amnesia
Potions
 a - 6 potions of magic
 b - a potion of curing
 c - a potion of heal wounds
 e - 2 potions of enlightenment
 i - 2 potions of resistance
 j - a potion of brilliance
 q - a potion of might
 s - a potion of cancellation {unknown}


   Skills:
 + Level 1.5 Fighting
 + Level 6.4 Dodging
 + Level 7.9 Stealth
 + Level 3.0 Unarmed Combat
 + Level 11.6 Spellcasting
 + Level 5.1 Conjurations
 + Level 4.2 Hexes
 + Level 2.3 Summonings
 + Level 4.7 Translocations
 + Level 14.3 Fire Magic
 + Level 4.8 Ice Magic
 * Level 8.2 Air Magic
 * Level 8.2 Invocations


You had 7 spell levels left.
You knew the following spells:

 Your Spells              Type           Power      Damage    Failure   Level
a - Foxfire               Conj/Fire      100%       2x1d9     1%          1
b - Scorch                Fire           100%       2d9       1%          2
c - Inner Flame           Hex/Fire       62%        N/A       1%          3
d - Flame Wave            Conj/Fire      64%        2d15      1%          4
e - Slow                  Hex            100%       N/A       1%          1
f - Call Imp              Summ           60%        N/A       5%          2
g - Ozocubu's Armour      Ice            44%        N/A       4%          3
h - Vhi's Electric Charg  Tloc/Air       100%       N/A       2%          3
i - Plasma Beam           Fire/Air       34%        2x1d47    12%         6

Your spell library contained the following spells:

 Spells                   Type           Power      Damage    Failure   Level
 Volatile Blastmotes      Fire/Tloc      100%       2d18      1%          3
 Confusing Touch          Hex            40%        N/A       4%          3
 Arcjolt                  Conj/Air       26%        1d36      14%         5
 Vampiric Draining        Necr           16%        2d7       22%         3
 Animate Armour           Summ/Erth      Unusable   N/A       N/A         4

Dungeon Overview and Level Annotations

Branches:
Dungeon (1/1)

Altars:
Cheibriados
Dithmenos
Elyvilon
Fedhas
Gozag
Hepliaklqana
Kikubaaqudgha
Makhleb
Nemelex Xobeh
Okawaru
Qazlal
Ru
Sif Muna
Trog
Uskayaw
Vehumet
Wu Jian
Xom
Yredelemnul
Zin
The Shining One
Jiyva
Lugonu

Shops:
D !:=[*!?(!!=:?[*

Annotations:
D exclusion: oklob plant, Roxanne


Innate Abilities, Weirdness & Mutations

You cannot wear most types of armour.
You are amphibious.
You can wear up to eight rings at the same time.
Your skin changes colour to match your surroundings (Stealth+).
Your rubbery body absorbs attacks. (AC +1, EV +1)
((You are camouflaged when in or above water. (Stealth+)))
You have tentacles for arms and can constrict up to eight enemies at once.
You are partially covered in iridescent scales. (AC +2)
You are clumsy. (Dex -2)
You are strong-willed. (Will+)
Your spells are a little harder to cast, but a little more powerful.


Message History

Casting: Scorch (safe; 1% risk of failure)
Confirm with . or Enter, or press ? or * to list all spells.
Okay, then.
Okay, then.
Unknown command.
Unknown command.
Okay, then.
Blink to where?
Press: ? - help, Dir - move target
Okay, then.
Okay, then.
Unknown command.
Unknown command.
Unknown command.
Unknown command.
Okay, then.
Unknown command.
Casting: Scorch (safe; 1% risk of failure)
Confirm with . or Enter, or press ? or * to list all spells.
A film of ice covers your body!
The yaktaur captain wields a +0 arbalest.
The yaktaur captain shoots a bolt.
The bolt hits you!!!
Ouch! That really hurt!
Okay, then.
Casting: Ozocubu's Armour (dangerous; 4% risk of failure)
Confirm with . or Enter, or press ? or * to list all spells.
Okay, then.
Okay, then.
Unknown command.
Casting: Ozocubu's Armour (dangerous; 4% risk of failure)
Confirm with . or Enter, or press ? or * to list all spells.
The spell is quite dangerous to miscast (12% risk of failure)!
Continue anyway?
Casting: Plasma Beam (quite dangerous; 12% risk of failure)
Press: ? - help, Dir - look around, f - activate The bolt of lightning hits the yaktaur captain.
The yaktaur captain is lightly wounded.
The fiery plasma hits the yaktaur captain!!!
The yaktaur captain is severely wounded.
The yaktaur captain shoots a bolt.
The bolt hits you!!
You die...

*,,,,*,,,,*~##~~~~~~~**,
############~~#+++*+++***
###########~~~...,,,,,,*,
##.......∩#z~~~.##+##,,*,
##......∩.#~~~~##.#.##.##
##.∩...∩.∩#~~~~#..#..#,..
##∩.∩.∩.∩.#~~####.#.####.
##.∩.∩.∩..#~##.###'###.##
##..∩.∩.@.#[#..###.##...#
##...⌠....c)'.##'.<.'##.'
##........#~#.#.##.##.###
#▓▓▓▓▓▓▓###~##.###'###.##
##lhh######~~####...####~
#(lh#E,+,##~~~#..#).#~~~
#∩Pl+.$*+**+#~##...##~~~
#$..#?#*~**,#~~##'##~~§≈
#$.$***~~~***#~~~~~~§§~~


You could see a yaktaur captain, a skeletal warrior, an oklob plant, 3 black
bears and 3 wyverns.

Vanquished Creatures
  Kirke (D)
  2 boulder beetles (D)
  2 deep trolls (D)
  A merfolk siren (D)
  A kobold demonologist (D)
  A yaktaur (D)
  3 polar bears (D)
  A hornet (D)
  4 neqoxecs (D)
  Menkaure (D)
  4 water moccasins (D)
  3 worms (D)
24 creatures vanquished.

Vanquished Creatures (others)
  89 foxfires (D)
  4 tentacles (D)
93 creatures vanquished.

Grand Total: 117 creatures vanquished

Notes
Turn   | Place    | Note
-------+----------+-------------------------------------------
     0 | D        | Conn the Octopode Fire Elementalist began the quest for the
                  | Orb.
     0 | D        | Reached XP level 1. HP: 11/11 MP: 3/3
     1 | D        | Noticed a neqoxec
     5 | D        | Gained mutation: You sometimes lose your temper in combat.
                  | [a neqoxec]
     8 | D        | Gained mutation: You passively map a small area around you.
                  | [a neqoxec]
    12 | D        | Killed a neqoxec
    13 | D        | Reached skill level 1 in Unarmed Combat
    13 | D        | Reached skill level 7 in Fire Magic
    13 | D        | Reached XP level 2. HP: 17/17 MP: 4/7
    13 | D        | Reached XP level 3. HP: 21/21 MP: 4/8
    13 | D        | Reached XP level 4. HP: 27/27 MP: 5/10
    13 | D        | Reached XP level 5. HP: 31/31 MP: 5/11
    30 | D        | Learned a level 2 spell: Scorch
    34 | D        | Learned a level 3 spell: Inner Flame
    39 | D        | Learned a level 4 spell: Flame Wave
    39 | D        | Noticed a merfolk siren
    44 | D        | Killed a merfolk siren
    45 | D        | Reached skill level 5 in Dodging
    45 | D        | Reached skill level 1 in Hexes
    45 | D        | Reached skill level 10 in Fire Magic
    45 | D        | Reached XP level 6. HP: 36/36 MP: 9/15
    45 | D        | Reached XP level 7. HP: 41/41 MP: 9/16
    69 | D        | Reached skill level 11 in Fire Magic
    88 | D        | Noticed a boulder beetle
    88 | D        | Noticed a boulder beetle
    96 | D        | Identified Roxanne's Elucidation of Variation
    96 | D        | Noticed Roxanne
   106 | D        | Found a glowing silver altar of Zin.
   106 | D        | Found a radiant altar of Vehumet.
   107 | D        | Found a glowing golden altar of the Shining One.
   107 | D        | Found a basalt altar of Yredelemnul.
   107 | D        | Found a hide-covered altar of Uskayaw.
   108 | D        | Found a shimmering altar of Xom.
   108 | D        | Found a bloodstained altar of Trog.
   108 | D        | Found a burning altar of Makhleb.
   109 | D        | Found a shimmering blue altar of Sif Muna.
   109 | D        | Found a corrupted altar of Lugonu.
   109 | D        | Found an ornate altar of the Wu Jian Council.
   110 | D        | Found a sacrificial altar of Ru.
   110 | D        | Found an ancient bone altar of Kikubaaqudgha.
   110 | D        | Found a white marble altar of Elyvilon.
   111 | D        | Found a stormy altar of Qazlal.
   111 | D        | Found a viscous altar of Jiyva.
   111 | D        | Found a shadowy altar of Dithmenos.
   112 | D        | Found a hazy altar of Hepliaklqana.
   112 | D        | Found a snail-covered altar of Cheibriados.
   114 | D        | Found a sparkling altar of Nemelex Xobeh.
   114 | D        | Found a blossoming altar of Fedhas.
   115 | D        | Found an opulent altar of Gozag.
   115 | D        | Found an iron altar of Okawaru.
   118 | D        | Became a worshipper of Sif Muna the Loreminder
   129 | D        | Noticed a kraken
   177 | D        | Got the Enchiridion on the Subzero Swarm
   256 | D        | Learned a level 1 spell: Slow
   259 | D        | Learned a level 2 spell: Call Imp
   263 | D        | Learned a level 3 spell: Ozocubu's Armour
   267 | D        | Learned a level 3 spell: Vhi's Electric Charge
   408 | D        | Reached skill level 1 in Translocations
   408 | D        | Reached skill level 1 in Ice Magic
   408 | D        | Reached skill level 1 in Air Magic
   409 | D        | Reached * piety under Sif Muna
   543 | D        | Noticed a flying skull
   550 | D        | Noticed a flying skull
   550 | D        | Noticed a flying skull
   550 | D        | Noticed a flying skull
   550 | D        | Noticed a flying skull
   550 | D        | Noticed a flying skull
   554 | D        | Noticed a deep troll
   554 | D        | Noticed a deep troll
   748 | D        | Killed a deep troll
   749 | D        | Reached skill level 12 in Fire Magic
   749 | D        | Reached XP level 8. HP: 3/47 MP: 4/20
   751 | D        | Killed a deep troll
   752 | D        | Reached XP level 9. HP: 5/52 MP: 1/21
   962 | D        | Learned a level 6 spell: Plasma Beam
   966 | D        | Noticed a yaktaur
   966 | D        | Noticed a hornet
   966 | D        | Noticed a polar bear
   968 | D        | Noticed a polar bear
   975 | D        | Killed a polar bear
   975 | D        | Reached ** piety under Sif Muna
   980 | D        | Killed a polar bear
   981 | D        | Reached skill level 5 in Air Magic
   981 | D        | Killed a hornet
   982 | D        | Reached skill level 13 in Fire Magic
   982 | D        | Reached skill level 5 in Invocations
   982 | D        | Killed a yaktaur
   982 | D        | Reached *** piety under Sif Muna
  1105 | D        | Noticed a polar bear
  1116 | D        | Killed a polar bear
  1294 | D        | Noticed a death drake
  1341 | D        | Killed a boulder beetle
  1341 | D        | Killed a boulder beetle
  1342 | D        | Reached skill level 1 in Fighting
  1342 | D        | Reached skill level 10 in Spellcasting
  1342 | D        | Reached skill level 1 in Summonings
  1342 | D        | Reached XP level 10. HP: 35/58 MP: 0/24
  1469 | D        | Gained mutation: Your magical capacity is low. (-10% MP) [a
                  | neqoxec]
  1470 | D        | Reached **** piety under Sif Muna
  1479 | D        | Lost mutation: Your magical capacity is low. (-10% MP)
                  | [potion of mutation]
  1479 | D        | Lost mutation: You sometimes lose your temper in combat.
                  | [potion of mutation]
  1479 | D        | Lost mutation: You passively map a small area around you.
                  | [potion of mutation]
  1479 | D        | Gained mutation: You are clumsy. (Dex -2) [potion of
                  | mutation]
  1479 | D        | Gained mutation: Your spells are a little harder to cast,
                  | but a little more powerful. [potion of mutation]
  1479 | D        | Gained mutation: You are strong-willed. (Will+) [potion of
                  | mutation]
  1479 | D        | Gained mutation: You are partially covered in iridescent
                  | scales. (AC +2) [potion of mutation]
  1480 | D        | Found Xudwuepp's Distillery.
  1480 | D        | Found Hohoez's Jewellery Emporium.
  1480 | D        | Found Jitacel's Magic Scroll Emporium.
  1480 | D        | Found Oseod's Antique Weapon Shoppe.
  1480 | D        | Found Buirr's Distillery.
  1481 | D        | Found Qentiss's Magic Scroll Shoppe.
  1481 | D        | Found Vewnosk's General Store.
  1481 | D        | Found Letesitz's Book Shoppe.
  1481 | D        | Found Gaizac Nistra's Antique Armour Shoppe.
  1482 | D        | Found Ixu Huzu's Distillery.
  1482 | D        | Found Riluk's Assorted Antiques.
  1484 | D        | Found Huijaeco's Antique Armour Emporium.
  1484 | D        | Found Tifeps's Jewellery Shoppe.
  1484 | D        | Noticed Menkaure
  1484 | D        | Noticed an oklob plant
  1490 | D        | Killed Menkaure
  1491 | D        | Found Deowuh's Distillery.
  1491 | D        | Found Nar Poke's Book Shoppe.
  1495 | D        | Noticed Kirke
  1496 | D        | Noticed an iron elemental
  1502 | D        | Bought a notched opal ring for 125 gold pieces
  1519 | D        | Killed Kirke
  1520 | D        | Reached skill level 5 in Conjurations
  1520 | D        | Reached skill level 14 in Fire Magic
  1520 | D        | Noticed a kobold demonologist
  1537 | D        | Killed a kobold demonologist
  1537 | D        | Reached ***** piety under Sif Muna
  1567 | D        | Noticed an elephant
  1571 | D        | Noticed a yaktaur captain
  1580 | D        | Noticed a skeletal warrior
  1583 | D        | Shot with a bolt by a yaktaur captain

Illustrated notes

Levels and vault maps discovered:
D:        the_violet_keep_of_menkaure [sprint2_stairs_cluster_1,
          sprint2_shoproom, sprint2_temple, sprint2_basic_supplies,
          sprint2_obstacle_6, sprint2_obstacle_3, sprint2_obstacle_5,
          sprint2_obstacle_4, sprint2_obstacle_7, sprint2_timed_cluster_1,
          sprint2_smallroom_cluster_1, sprint2_smallroom_final_cluster_1,
          sprint2_transparent_cluster_1, sprint2_second_timed_cluster_1,
          sprint2_sniper_area_1, sprint2_heavy_combat_area_1,
          sprint2_mutation_trap_area_1, sprint2_forest_area_1,
          sprint2_light_combat_area_1, sprint2_behind_water_1,
          sprint2_near_end_vault_1]

Skill      XL: |  1  2  3  4  5  6  7  8  9 10 |
---------------+-------------------------------+-----
Dodging        | 4 5 6 |  6.4
Stealth        | 4 6 7 |  7.9
Unarmed Combat | 1 2 3 |  3.0
Spellcasting   | 4 6 8 10 11 | 11.6
Fire Magic     | 7 10 12 13 14 | 14.3
Hexes          | 1 2 4 |  4.2
Translocations | 3 4 |  4.7
Ice Magic      | 3 4 |  4.8
Air Magic      | 3 4 7 8 |  8.2
Conjurations   | 2 3 4 5 |  5.1
Invocations    | 2 3 7 8 |  8.2
Fighting       | 1 |  1.5
Summonings     | 1 2 |  2.3

Action                     |  1- 3 |  4- 6 |  7- 9 | 10-12 || total
---------------------------+-------+-------+-------+-------++-------
  Melee: Unarmed           |     8 |       |     1 |       ||     9
         Tentacles         |     3 |       |       |     2 ||     5
         Constrict         |     1 |       |       |     1 ||     2
         Punch             |     1 |       |       |       ||     1
         Dagger            |       |       |       |     2 ||     2
   Cast: Scorch            |       |     2 |    27 |     5 ||    34
         Inner Flame       |       |     2 |    10 |     1 ||    13
         Foxfire           |       |       |    45 |    13 ||    58
         Flame Wave        |       |       |     4 |     3 ||     7
         Ozocubu's Armour  |       |       |     2 |     1 ||     3
         Call Imp          |       |       |     2 |       ||     2
         Vhi's Electric Ch |       |       |       |     1 ||     1
         Plasma Beam       |       |       |       |     1 ||     1
 Invoke: Channel Magic     |       |       |     1 |     1 ||     2
    Use: Potion            |     2 |     1 |     6 |     1 ||    10
         Scroll            |       |       |    10 |       ||    10
   Stab: Sleeping          |       |       |       |     1 ||     1
 Armour: Skin              |       |       |    11 |       ||    11
  Dodge: Dodged            |     2 |       |    34 |       ||    36

Table legend: (Time is in decaauts)
 A = Elapsed time spent in this place.
 B = Non-inter-level travel time spent in this place.
 C = Inter-level travel time spent in this place.
 D = Time resting spent in this place.
 E = Time spent auto-exploring this place.
 F = Levels seen in this place.
 G = Mean time per level.
                   A        B        C        D        E       F      G
               +--------+--------+--------+--------+--------+-----+--------+
         Total |   1573 |   1573 |      0 |    874 |      0 |   1 | 1573.0 |
       Dungeon |   1573 |   1573 |      0 |    874 |      0 |   1 | 1573.0 |
               +--------+--------+--------+--------+--------+-----+--------+

Top non-repeatable levels by time:
       D: 1573 daAuts
